Map: Frozen Temple

Players

Miszu - Winner!

  • Race: Terran Terran
  • League: Master

IIIIIIIIIIII

  • Race: Terran Terran
  • League: Master

VOD

Have the link to the VOD?

Description

Time

  • Played on: April 6, 2016, 2:55 p.m.
  • Length: 6:31
Show
View Real Time Build Order
Export as new Build Order

Miszu Terran - Winner!

Build Orders: 1/1/1, Liberator Opening 

Get SALT Encoding   

  12  0:00  SCV  
  13  0:13  SCV  
  14  0:18  Supply Depot  
  14  0:25  SCV  
  15  0:39  Refinery  
  15  0:40  SCV  
  16  0:46  Barracks  
  16  0:52  SCV  
  17  1:04  SCV  
  18  1:17  SCV  
  18  1:18  Refinery  
  20  1:35  Marine  
  20  1:37  Orbital Command  
  20  1:40  Factory  
  20  1:45  Supply Depot  
  20  1:53  Marine  
  21  2:03  SCV  
  22  2:10  Marine  
  22  2:15  Supply Depot, SCV  
  24  2:25  Starport  
  24  2:26  Hellion  
  26  2:32  Marine  
  26  2:34  SCV  
  28  2:45  Supply Depot, Liberator  
  28  2:47  Hellion  
  28  2:50  Marine  
  29  2:55  SCV  
  32  3:07  SCV  
  32  3:10  Marine  
  32  3:12  Hellion  
  36  3:19  Supply Depot, SCV  
  37  3:28  Marine  
  37  3:33  Hellion  
  40  3:36  SCV  
  41  3:46  Marine  
  42  3:53  Medivac  
  42  4:01  Supply Depot  
  42  4:02  Hellion  
  43  4:04  Marine  
  43  4:12  SCV  
  43  4:13  Command Center  
  44  4:22  Marine  
  44  4:23  Hellion  
  47  4:24  SCV  
  46  4:33  Medivac  
  46  4:36  Supply Depot, SCV  
  49  4:45  Marine, Hellion  
  52  4:48  SCV  
  53  5:04  Marine  
  53  5:06  Hellion  
  49  5:22  Marine  
  46  5:35  SCV  
  47  5:40  Marine  
  46  5:45  Viking, Hellion  
  50  5:46  Barracks  
  50  5:48  Barracks  
  50  6:16  SCV  
  50  6:19  Supply Depot  
Show
View Real Time Build Order
Export as new Build Order

IIIIIIIIIIII Terran 

Build Orders:  

Get SALT Encoding   

  12  0:03  SCV  
  13  0:15  SCV  
  13  0:20  Supply Depot  
  14  0:27  SCV  
  15  0:29  Refinery  
  15  0:41  SCV  
  16  0:45  Barracks  
  16  0:53  SCV  
  17  1:05  SCV  
  18  1:12  Barracks  
  18  1:17  SCV  
  19  1:28  Barracks  
  19  1:33  Reaper  
  21  1:44  Supply Depot  
  21  1:45  SCV  
  21  1:58  SCV  
  21  1:59  Refinery  
  22  2:02  Reaper  
  22  2:06  Reaper  
  24  2:12  SCV  
  25  2:16  Supply Depot  
  25  2:19  Reaper  
  26  2:25  SCV  
  27  2:34  Reaper  
  28  2:39  Orbital Command  
  28  2:43  Reaper  
  29  2:52  Reaper  
  28  2:59  Supply Depot  
  28  3:06  Reaper  
  29  3:16  Factory  
  29  3:20  Reaper  
  30  3:29  Reaper  
  31  3:47  Reaper  
  30  3:53  Reaper  
  30  4:01  Reaper  
  31  4:11  Barracks  
  31  4:12  Supply Depot, Barracks, Command Center  
  31  4:14  Widow Mine  
  33  4:19  Reaper  
  33  4:36  Supply Depot  
  33  4:43  Reaper  
  31  5:04  Reaper  
Tags
 
Add a new tag
Caveats
  • Supply blocks, unpowered buildings, or Contaminate may cause inaccurate times.
  • Supply counts are checked every 10 seconds.